 Dungeon Crawl Stone Soup version 0.23-a0-373-g305c090 (webtiles) character file.

1140 Gorice the Firebug (level 8, -7/58 HPs)
             Began as a Gnoll Wanderer on Oct 25, 2018.
             Killed by divine providence
             ... invoked by an orc priest
              (12 damage)
             ... on level 5 of the Dungeon.
             The game lasted 00:18:33 (5365 turns).

Gorice the Firebug (Gnoll Wanderer)                 Turns: 5365, Time: 00:18:33

Health: -7/58      AC: 12    Str: 15    XL:     8   Next: 37%
Magic:  0/17       EV:  5    Int: 15    God:
Gold:   254        SH:  0    Dex: 16    Spells: 16/19 levels left

rFire    . . .     SeeInvis .   a - +1 spear
rCold    . . .     Gourm    .   (no shield)
rNeg     . . .     Faith    .   k - +1 plate armour
rPois    +         Spirit   +   (no helmet)
rElec    .         Reflect  .   (no cloak)
rCorr    +         Harm     .   (no gloves)
MR       .....                  (no boots)
Stlth    ..........             j - amulet of guardian spirit
HPRegen  0.19/turn              C - ring of resist corrosion
MPRegen  0.15/turn              p - ring of poison resistance

@: about to teleport
A: distributed training, fangs 1, strong nose
a: no special abilities


You were on level 5 of the Dungeon.
You were very hungry.

You visited 1 branch of the dungeon, and saw 5 of its levels.

You collected 254 gold pieces.

Inventory:

Hand Weapons
 a - a +1 spear (weapon)
 e - a +0 dagger
 g - a +0 whip
 n - a +1 dagger of speed
   (You found it on level 3 of the Dungeon)
 o - a +0 flail
 q - a +0 war axe
Missiles
 h - 14 bolts
 u - a tomahawk (quivered)
 v - 4 needles of frenzy
 Y - 72 stones
Armour
 i - a +0 robe of magic resistance
   (You found it on level 2 of the Dungeon)
 k - a +1 plate armour (worn)
Jewellery
 j - an amulet of guardian spirit (around neck)
 p - a ring of poison resistance (right hand)
 A - an uncursed ring of wizardry
 C - a ring of resist corrosion (left hand)
Scrolls
 b - 2 scrolls of teleportation {!r}
 m - 2 scrolls of blinking
 r - 2 scrolls of remove curse
 w - a scroll of enchant weapon
 y - a scroll of enchant armour
Potions
 c - a potion of lignification {!q}
 d - a potion of agility {!q}
 l - 2 potions of cancellation {!q}
 s - a potion of heal wounds {unknown}
 t - a potion of curing
 z - a potion of magic {unknown}
Comestibles
 f - 7 rations


   Skills:
 + Level 3.1 Fighting
 + Level 3.1 Short Blades
 + Level 3.1 Long Blades
 + Level 3.1 Axes
 + Level 3.1 Maces & Flails
 + Level 3.1 Polearms
 + Level 3.1 Staves
 + Level 3.1 Slings
 + Level 3.1 Bows
 + Level 3.1 Crossbows
 + Level 4.1 Throwing
 + Level 3.1 Armour
 + Level 3.1 Dodging
 + Level 4.0 Stealth
 + Level 3.1 Shields
 + Level 3.1 Unarmed Combat
 + Level 6.0 Spellcasting
 + Level 3.4 Conjurations
 + Level 2.5 Hexes
 + Level 2.5 Charms
 + Level 2.5 Summonings
 + Level 2.5 Necromancy
 + Level 2.5 Translocations
 + Level 2.5 Transmutations
 + Level 6.1 Fire Magic
 + Level 2.5 Ice Magic
 + Level 4.6 Air Magic
 + Level 2.5 Earth Magic
 + Level 2.5 Poison Magic
 + Level 3.4 Invocations
 + Level 3.1 Evocations


You had 16 spell levels left.
You knew the following spells:

 Your Spells              Type           Power        Failure   Level  Hunger
a - Flame Tongue          Conj/Fire      ###..        85%         1    None
b - Throw Flame           Conj/Fire      ###...       94%         2    #......

Your spell library contained the following spells:

 Spells                   Type           Power        Failure   Level  Hunger
 Searing Ray              Conj           ##....       99%         2    #......
 Conjure Flame            Conj/Fire      ###.....     99%         3    ##.....
 Inner Flame              Hex/Fire       ###.....     99%         3    ##.....
 Sticky Flame             Conj/Fire      ###.....     100%        4    ####...
 Fireball                 Conj/Fire      ###.......   100%        5    ######.


Dungeon Overview and Level Annotations

Branches:
Dungeon (5/15)
 Temple: D:4-7

Altars:
Dithmenos
Nemelex Xobeh
Sif Muna
Trog
Vehumet
Zin

Shops:
D:4 *

Annotations:
D:1 vpUX: fire vault


Innate Abilities, Weirdness & Mutations

Your experience applies equally to all skills.
You have very sharp teeth.
Your uncanny sense of smell can sniff out nearby items.


Message History

The crimson imp hits you but does no damage.
The leopard gecko bites you but does no damage.
You closely miss the crimson imp.
The crimson imp is lightly wounded.
The orc wizard mumbles some strange words.
The orc wizard seems to speed up.
The crimson imp hits you.
An orc comes into view. It is wielding a +0 club.
The leopard gecko bites you but does no damage.
You closely miss the crimson imp.
You bite the crimson imp, but do no damage.
The crimson imp is lightly wounded.
The crimson imp barely misses you.
The leopard gecko bites you but does no damage.
The crimson imp hits you but does no damage.
The orc priest invokes the aid of Beogh against you.
Beogh smites you!
* * * LOW HITPOINT WARNING * * *
The crimson imp disappears for a moment.
The crimson imp barely misses you.
Damage: 8 (max 8)
The crimson imp blinks!
The orc wizard casts a spell at you. The puff of flame hits you!
* * * LOW HITPOINT WARNING * * *
Damage: 7 (max 8)
The orc wizard casts a spell.
The orc wizard flickers and vanishes!
Deactivating autopickup; reactivate with Ctrl-A.
The orc priest mumbles some strange prayers to Beogh against you.
Beogh smites you!
* * * LOW HITPOINT WARNING * * *
Damage: 7 (max 8)
You enter the shallow water.
Moving in this stuff is going to be slow.
You are feeling very hungry.
The orc hits you but does no damage.
A magic dart appears from out of thin air!
The magic dart hits you!
The orc priest calls down the wrath of Beogh upon you.
Beogh smites you!
* * * LOW HITPOINT WARNING * * *
Damage: 7 (max 8) Unknown command.
Okay, then.
Really read
b - 3 scrolls of teleportation {!r}?
As you read the scroll of teleportation {!r}, it crumbles to dust.
You feel strangely unstable.
The orc priest mumbles some strange prayers to Beogh against you.
Beogh smites you!
You die...

..♣♣≈≈≈≈.≈≈≈≈≈≈♣## #
♣♣≈≈≈≈.≈≈≈≈≈≈♣
♣P≈PP≈.≈≈≈♣♣♣≈
♣♣≈≈≈≈≈.≈≈≈♣ ##
≈≈≈≈≈≈≈.≈≈♣ ♣≈P≈≈≈≈≈.≈≈♣
≈≈≈≈≈≈≈≈.≈≈♣♣ ## ##
≈≈P≈≈≈≈≈.P≈≈♣♣♣≈###♣≈♣♣♣
♣≈≈P≈≈≈@≈≈≈≈≈≈≈≈♣≈≈P≈PP♣
#♣≈≈≈≈≈l{≈≈≈≈≈≈≈≈≈PP≈≈≈≈
#.♣≈≈P≈o≈≈≈≈P≈≈≈P≈≈≈≈≈P≈
# #≈P≈..................
##♣♣oo♣≈≈P≈≈≈PPP≈P≈≈≈P
#...#♣♣≈≈≈≈♣♣♣♣P≈≈P≈
##o#o# ♣♣♣♣≈♣ ♣≈≈≈≈≈
#.o#5### .# #♣♣P♣♣
#......# .# ##.#


You could see an orc priest, a crimson imp, 5 orcs and a leopard gecko.

Vanquished Creatures
  Grinder (D:3)
  2 ice beasts (D:5)
  2 phantoms (D:4)
  2 ogres (D:4)
  2 howler monkeys
  An orc priest (D:4)
  A centaur skeleton (D:3)
  An iguana (D:5)
  2 worker ants
  A hound zombie (D:5)
  A hound skeleton (D:4)
  4 gnolls
  3 adders
  3 oozes
  2 worms
  2 dart slugs
  2 leopard geckos
  11 orcs
  2 ball pythons
  5 bats
  A giant cockroach (D:2)
  4 goblins
  6 hobgoblins
  9 jackals
  2 quokkas (D:4)
  3 frilled lizards
  5 kobolds
  20 rats
100 creatures vanquished.

Vanquished Creatures (others)
  A leopard gecko (D:1)
  A bat (D:1)
2 creatures vanquished.

Grand Total: 102 creatures vanquished

Notes
Turn   | Place    | Note
-------+----------+-------------------------------------------
     0 | D:1      | Gorice the Gnoll Wanderer began the quest for the Orb.
     0 | D:1      | Gorice set off with: a potion of lignification {!q}, a +0
                  | robe, a +0 dagger, a ration
     0 | D:1      | Reached XP level 1. HP: 13/13 MP: 6/6
     2 | D:1      | Learned a level 1 spell: Flame Tongue
    77 | D:1      | Reached skill level 2 in Conjurations
    94 | D:1      | Reached XP level 2. HP: 15/19 MP: 0/7
   481 | D:1      | Reached XP level 3. HP: 25/25 MP: 5/9
   489 | D:1      | Reached skill level 5 in Spellcasting
   978 | D:2      | Found a deep blue altar of Sif Muna.
   994 | D:2      | Reached skill level 1 in Invocations
  1117 | D:2      | Reached skill level 1 in Fighting
  1117 | D:2      | Reached skill level 1 in Short Blades
  1117 | D:2      | Reached skill level 1 in Long Blades
  1117 | D:2      | Reached skill level 1 in Axes
  1117 | D:2      | Reached skill level 1 in Maces & Flails
  1117 | D:2      | Reached skill level 1 in Polearms
  1117 | D:2      | Reached skill level 1 in Staves
  1117 | D:2      | Reached skill level 1 in Slings
  1117 | D:2      | Reached skill level 1 in Bows
  1117 | D:2      | Reached skill level 1 in Crossbows
  1117 | D:2      | Reached skill level 1 in Armour
  1117 | D:2      | Reached skill level 1 in Dodging
  1117 | D:2      | Reached skill level 1 in Shields
  1117 | D:2      | Reached skill level 1 in Unarmed Combat
  1117 | D:2      | Reached skill level 1 in Evocations
  1372 | D:2      | Reached XP level 4. HP: 30/32 MP: 11/11
  1675 | D:2      | Found a shadowy altar of Dithmenos.
  2181 | D:2      | Reached skill level 1 in Hexes
  2181 | D:2      | Reached skill level 1 in Charms
  2181 | D:2      | Reached skill level 1 in Summonings
  2181 | D:2      | Reached skill level 1 in Necromancy
  2181 | D:2      | Reached skill level 1 in Translocations
  2181 | D:2      | Reached skill level 1 in Transmutations
  2181 | D:2      | Reached skill level 1 in Ice Magic
  2181 | D:2      | Reached skill level 1 in Earth Magic
  2181 | D:2      | Reached skill level 1 in Poison Magic
  2389 | D:3      | Reached XP level 5. HP: 37/37 MP: 12/12
  2444 | D:3      | Noticed Grinder
  2457 | D:3      | Paralysed by Grinder for 6 turns
  2620 | D:3      | Found a radiant altar of Vehumet.
  2777 | D:3      | Found a bloodstained altar of Trog.
  3019 | D:3      | Reached skill level 3 in Throwing
  3165 | D:4      | Reached skill level 4 in Air Magic
  3174 | D:4      | Reached XP level 6. HP: 41/44 MP: 11/13
  3183 | D:4      | Reached skill level 3 in Stealth
  3183 | D:4      | Reached skill level 2 in Invocations
  3295 | D:2      | Learned a level 2 spell: Throw Flame
  3385 | D:3      | HP: 8/44 [Grinder (6)]
  3387 | D:3      | Killed Grinder
  3387 | D:3      | Reached skill level 2 in Fighting
  3387 | D:3      | Reached skill level 2 in Short Blades
  3387 | D:3      | Reached skill level 2 in Long Blades
  3387 | D:3      | Reached skill level 2 in Axes
  3387 | D:3      | Reached skill level 2 in Maces & Flails
  3387 | D:3      | Reached skill level 2 in Polearms
  3387 | D:3      | Reached skill level 2 in Staves
  3387 | D:3      | Reached skill level 2 in Slings
  3387 | D:3      | Reached skill level 2 in Bows
  3387 | D:3      | Reached skill level 2 in Crossbows
  3387 | D:3      | Reached skill level 2 in Armour
  3387 | D:3      | Reached skill level 2 in Dodging
  3387 | D:3      | Reached skill level 2 in Shields
  3387 | D:3      | Reached skill level 2 in Unarmed Combat
  3387 | D:3      | Reached skill level 2 in Evocations
  3387 | D:3      | Reached XP level 7. HP: 12/50 MP: 0/15
  3963 | D:4      | Reached skill level 2 in Hexes
  3963 | D:4      | Reached skill level 2 in Charms
  3963 | D:4      | Reached skill level 2 in Summonings
  3963 | D:4      | Reached skill level 2 in Necromancy
  3963 | D:4      | Reached skill level 2 in Translocations
  3963 | D:4      | Reached skill level 2 in Transmutations
  3963 | D:4      | Reached skill level 2 in Ice Magic
  3963 | D:4      | Reached skill level 2 in Earth Magic
  3963 | D:4      | Reached skill level 2 in Poison Magic
  4187 | D:3      | Reached skill level 3 in Conjurations
  4282 | D:4      | Found a glowing silver altar of Zin.
  4405 | D:4      | Found Ylufoh's General Store.
  4482 | D:4      | Reached skill level 3 in Invocations
  4667 | D:4      | Reached skill level 6 in Fire Magic
  4667 | D:4      | Reached XP level 8. HP: 47/57 MP: 16/16
  4801 | D:5      | Entered Level 5 of the Dungeon
  4881 | D:5      | Reached skill level 3 in Fighting
  4881 | D:5      | Reached skill level 3 in Short Blades
  4881 | D:5      | Reached skill level 3 in Long Blades
  4881 | D:5      | Reached skill level 3 in Axes
  4881 | D:5      | Reached skill level 3 in Maces & Flails
  4881 | D:5      | Reached skill level 3 in Polearms
  4881 | D:5      | Reached skill level 3 in Staves
  4881 | D:5      | Reached skill level 3 in Slings
  4881 | D:5      | Reached skill level 3 in Bows
  4881 | D:5      | Reached skill level 3 in Crossbows
  4881 | D:5      | Reached skill level 4 in Throwing
  4881 | D:5      | Reached skill level 3 in Armour
  4881 | D:5      | Reached skill level 3 in Dodging
  4881 | D:5      | Reached skill level 3 in Shields
  4881 | D:5      | Reached skill level 3 in Unarmed Combat
  4881 | D:5      | Reached skill level 3 in Evocations
  5255 | D:5      | Reached skill level 4 in Stealth
  5296 | D:5      | Reached skill level 6 in Spellcasting
  5334 | D:5      | Found a sparkling altar of Nemelex Xobeh.
  5360 | D:5      | HP: 11/58 [orc priest/divine providence (7)]
  5364 | D:5      | HP: 5/58 [orc priest/divine providence (7)]
  5365 | D:5      | Killed from afar by an orc priest

Vault maps used:
D:1:      erik_arrival_orb_chamber, corner_web_ring, minmay_door_square,
          lemuel_flame_loot_1
D:2:      lemuel_round_altar, old_standard_altar, minmay_misc_feat_hallway
D:3:      lemuel_crystal_altar, lemuel_crystal_altar, first_ration, uniq_grinder
D:4:      kennysheep_mini, serial_shops, nicolae_shop_crystal
D:5:      nemelex_xobeh_ov_fountains_minmay, serial_bayou_lagoon_b

Skill      XL: |  1  2  3  4  5  6  7  8 |
---------------+-------------------------+-----
Conjurations   | 2 3 |  3.4
Spellcasting   | 5 6 |  6.0
Invocations    | 1 2 3 |  3.4
Fighting       | 1 2 3 |  3.1
Short Blades   | 1 2 3 |  3.1
Long Blades    | 1 2 3 |  3.1
Axes           | 1 2 3 |  3.1
Maces & Flails | 1 2 3 |  3.1
Polearms       | 1 2 3 |  3.1
Staves         | 1 2 3 |  3.1
Slings         | 1 2 3 |  3.1
Bows           | 1 2 3 |  3.1
Crossbows      | 1 2 3 |  3.1
Armour         | 1 2 3 |  3.1
Dodging        | 1 2 3 |  3.1
Shields        | 1 2 3 |  3.1
Unarmed Combat | 1 2 3 |  3.1
Evocations     | 1 2 3 |  3.1
Hexes          | 1 2 |  2.5
Charms         | 1 2 |  2.5
Summonings     | 1 2 |  2.5
Necromancy     | 1 2 |  2.5
Translocations | 1 2 |  2.5
Transmutations | 1 2 |  2.5
Ice Magic      | 1 2 |  2.5
Earth Magic    | 1 2 |  2.5
Poison Magic   | 1 2 |  2.5
Throwing       | 3 4 |  4.1
Air Magic      | 4 |  4.6
Stealth        | 3 4 |  4.0
Fire Magic     | 6 |  6.1

Action                   |  1- 3 |  4- 6 |  7- 9 || total
-------------------------+-------+-------+-------++-------
Melee: Dagger            |    13 |       |       ||    13
       Bite              |     7 |    22 |    39 ||    68
       Spear             |    74 |   184 |   291 ||   549
       Punch             |       |       |     5 ||     5
Throw: Tomahawk          |       |       |     4 ||     4
       Stone             |       |       |     3 ||     3
 Cast: Flame Tongue      |    41 |     5 |       ||    46
       Throw Flame       |       |     4 |       ||     4
  Use: Scroll            |     4 |     6 |     4 ||    14
       Potion            |       |     1 |       ||     1
 Stab: Sleeping          |     2 |       |       ||     2
  Eat: Chunk             |     1 |     7 |     6 ||    14
Armor: Robe              |     4 |       |       ||     4
       Plate armour      |    63 |   104 |   153 ||   320
Dodge: Dodged            |    27 |    33 |    74 ||   134

Table legend:
 A = Non-vault XP
 B = Vault XP
 C = Vault XP percentage of total XP
 D = Non-vault monster count
 E = Vault monster count
 F = Vault count percentage of total count
                 A         B        C        D         E       F
            +---------+---------+-------+---------+---------+-------
      Total |    1327 |     302 |  18.5 |      87 |      13 |  13.0
            +---------+---------+-------+---------+---------+-------
        D:1 |      42 |      12 |  22.2 |      19 |      12 |  38.7
        D:2 |      96 |       0 |   0.0 |      27 |       0 |   0.0
        D:3 |     182 |     290 |  61.4 |      16 |       1 |   5.9
        D:4 |     660 |       0 |   0.0 |      20 |       0 |   0.0
        D:5 |     347 |       0 |   0.0 |       5 |       0 |   0.0
            +---------+---------+-------+---------+---------+-------

Table legend:
 A = Turns spent in this place as a percentage of turns spent in the entire game.
 B = Non-inter-level travel turns spent in this place as a percentage of non-inter-level travel turns spent in the entire game.
 C = Inter-level travel turns spent in this place as a percentage of turns spent in this place.
 D = Turns resting spent in this place as a percentage of non-inter-level travel turns spent in this place.
 E = Turns spent auto-exploring this place as a percentage of non-inter-level travel turns spent in this place.
 F = Non-inter-level travel turns spent in this place divided by the number of levels of this place that you've seen.
                   A       B       C       D       E      F
               +-------+-------+-------+-------+-------+----------------------
         Total | 100.0 | 100.0 |   4.1 |  32.7 |  32.7 | 1029.2
       Dungeon | 100.0 | 100.0 |   4.1 |  32.7 |  32.7 | 1029.2
               +-------+-------+-------+-------+-------+----------------------

Vault maps used:
D:1:      erik_arrival_orb_chamber, corner_web_ring, minmay_door_square,
          lemuel_flame_loot_1
D:2:      lemuel_round_altar, old_standard_altar, minmay_misc_feat_hallway
D:3:      lemuel_crystal_altar, lemuel_crystal_altar, first_ration, uniq_grinder
D:4:      kennysheep_mini, serial_shops, nicolae_shop_crystal
D:5:      nemelex_xobeh_ov_fountains_minmay, serial_bayou_lagoon_b
